 Dungeon Crawl Stone Soup version 0.28.0-43-g3370ac3207 (webtiles) character file.

Game seed: 965541675256289352

50 Ablot the Grasshopper (level 3, -1/31 HPs)
             Began as a Gnoll Warper on Mar 14, 2022.
             Slain by Grinder (4 damage)
             ... on level 2 of the Dungeon.
             The game lasted 00:02:33 (2281 turns).

Ablot the Grasshopper (Gnoll Warper)                Turns: 2281, Time: 00:02:34

Health: -1/31      AC:  5    Str: 12    XL:     3   Next: 79%
Magic:  9/9        EV: 12    Int: 12    God:
Gold:   72         SH:  0    Dex: 11    Spells: 10/12 levels left

rFire   . . .      SeeInvis .   a - +0 spear
rCold   . . .      Faith    .   (no shield)
rNeg    . . .      Spirit   .   b - +0 leather armour
rPois   .          Reflect  .   (no helmet)
rElec   .          Harm     .   (no cloak)
rCorr   .          Rampage  .   (no gloves)
Will    .....                   i - +1 pair of boots
Stlth   +.........              (no amulet)
HPRegen 0.10/turn               (no ring)
MPRegen 0.11/turn               (no ring)

@: no status effects
A: fangs 1, strong nose, distributed training
a: no special abilities


You were on level 2 of the Dungeon.
You visited 1 branch of the dungeon, and saw 3 of its levels.

You collected 72 gold pieces.

Inventory:

Hand Weapons
 a - a +0 spear (weapon)
Missiles
 e - 18 bolts
 f - 124 stones (quivered)
 l - 25 arrows
 m - 20 sling bullets
Armour
 b - a +0 leather armour (worn)
 h - an orb of light
 i - a +1 pair of boots (worn)
Scrolls
 c - a scroll of blinking
 g - a scroll of identify {unknown}
 j - a scroll of holy word {unknown}
 k - a scroll of teleportation {unknown}
Potions
 n - a potion of brilliance {unknown}


   Skills:
 + Level 4.6 Fighting
 + Level 1.0 Short Blades
 + Level 1.0 Long Blades
 + Level 1.0 Axes
 + Level 1.0 Maces & Flails
 + Level 4.6 Polearms
 + Level 1.0 Staves
 + Level 1.0 Slings
 + Level 1.0 Bows
 + Level 1.0 Crossbows
 + Level 2.6 Throwing
 + Level 2.6 Armour
 + Level 4.6 Dodging
 + Level 1.0 Stealth
 + Level 1.0 Shields
 + Level 1.0 Unarmed Combat
 + Level 5.0 Spellcasting
 + Level 0.7 Conjurations
 + Level 0.7 Hexes
 + Level 0.7 Summonings
 + Level 0.7 Necromancy
 + Level 5.4 Translocations
 + Level 0.7 Transmutations
 + Level 0.7 Fire Magic
 + Level 0.7 Ice Magic
 + Level 0.7 Air Magic
 + Level 0.7 Earth Magic
 + Level 0.7 Poison Magic
 + Level 1.0 Invocations
 + Level 1.0 Evocations


You had 10 spell levels left.
You knew the following spells:

 Your Spells              Type           Power      Damage    Failure   Level
a - Blink                 Tloc           32%        N/A       4%          2

Your spell library contained the following spells:

 Spells                   Type           Power      Damage    Failure   Level
 Apportation              Tloc           32%        N/A       2%          1
 Gell's Gravitas          Tloc           16%        N/A       9%          3
 Lesser Beckoning         Tloc           16%        N/A       9%          3
 Teleport Other           Tloc           16%        N/A       9%          3
 Manifold Assault         Tloc           16%        N/A       58%         5
 Alistair's Intoxication  Tmut/Pois      2%         N/A       99%         5


Dungeon Overview and Level Annotations

Branches:
Dungeon (3/15)

Altars:

Shops:
D:1 [[=

Annotations:
D:2 Grinder


Innate Abilities, Weirdness & Mutations

You have very sharp teeth.
Your uncanny sense of smell can sniff out nearby items.
Your experience applies equally to all skills.


Message History

Pain shoots through your body!
* * * LOW HITPOINT WARNING * * *
Throw: 126 stones
Press: ? - help, Q - select action, (/) - cycle Shift-Dir - straight line, f/p - Grinder
Aim: Grinder (heavily wounded, 55% to hit)
You throw a stone. The stone barely misses Grinder.
Unknown command.
Throw: 125 stones
Press: ? - help, Q - select action, (/) - cycle Shift-Dir - straight line, f/p - Grinder
Aim: Grinder (heavily wounded, 55% to hit)
You throw a stone. The stone barely misses Grinder.
Unknown command.
Reach: a) +0 spear
Press: ? - help, Dir - move target, f/p - Grinder
Aim: Grinder (heavily wounded, about 40% to evade your +0 spear)
You reach to attack!
You hit Grinder.
Grinder is severely wounded.
Unknown command.
Reach: a) +0 spear
Press: ? - help, Dir - move target, f/p - Grinder
Aim: Grinder (severely wounded, about 40% to evade your +0 spear)
You reach to attack!
You closely miss Grinder.
Grinder is severely wounded.
Unknown command.
You are too injured to fight recklessly!
You hit Grinder.
Grinder is almost dead.
Grinder says, "FISH!"
Grinder barely misses you.
You hit Grinder.
Grinder is almost dead.
Grinder barely misses you.
You hit Grinder but do no damage.
Grinder is almost dead.
Grinder gestures at you.
You barely resist. You barely miss Grinder.
Grinder is almost dead.
Grinder hits you.
You die...

#### #.##
#####<....####
#.# # #[#
#..##..)>####.###
# ###
##.....).........
######..........
# ###[....... #
#........ #
########
#.....<.. #
#......#
#####.### #
#.@....# #.# #
#>5....# #.# #
#......# #.# ##
#......# #.# .#
#......########.#
##
#.............#.#
#......######...#
#.(....# #####
########


You could see Grinder.

Vanquished Creatures
  An adder (D:2)
  2 orcs (D:2)
  4 ball pythons
  4 endoplasms
  3 giant cockroaches
  4 goblins
  3 jackals (D:1)
  2 quokkas
  3 bats
  10 frilled lizards
  A kobold (D:1)
  A rat (D:2)
38 creatures vanquished.

Notes
Turn   | Place    | Note
-------+----------+-------------------------------------------
     0 | D:1      | Ablot the Gnoll Warper began the quest for the Orb.
     0 | D:1      | Reached XP level 1. HP: 20/20 MP: 6/6
    63 | D:1      | HP: 1/20 [goblin/+0 dagger (2)]
   413 | D:1      | Reached XP level 2. HP: 25/26 MP: 7/7
   445 | D:1      | Learned a level 2 spell: Blink
   626 | D:1      | Found Owoweicesosh's Antique Armour Shop.
   757 | D:1      | Found Xubaoczu's Armour Boutique.
   913 | D:1      | Found Nothaig's Jewellery Shop.
  1445 | D:2      | Found a faded altar of an unknown god.
  1499 | D:2      | Reached XP level 3. HP: 29/31 MP: 9/9
  1532 | D:2      | Reached skill level 5 in Spellcasting
  1730 | D:2      | Reached skill level 1 in Invocations
  2036 | D:2      | Reached skill level 1 in Short Blades
  2036 | D:2      | Reached skill level 1 in Long Blades
  2036 | D:2      | Reached skill level 1 in Axes
  2036 | D:2      | Reached skill level 1 in Maces & Flails
  2036 | D:2      | Reached skill level 1 in Staves
  2036 | D:2      | Reached skill level 1 in Slings
  2036 | D:2      | Reached skill level 1 in Bows
  2036 | D:2      | Reached skill level 1 in Crossbows
  2036 | D:2      | Reached skill level 1 in Stealth
  2036 | D:2      | Reached skill level 1 in Shields
  2036 | D:2      | Reached skill level 1 in Unarmed Combat
  2036 | D:2      | Reached skill level 1 in Evocations
  2256 | D:3      | Noticed Grinder
  2281 | D:2      | Slain by Grinder

Illustrated notes

Levels and vault maps discovered:
D:1:      onia_arrival_pyramid, layout_basic, serial_shops, nicolae_square_shop,
          nicolae_lakefront_shop, shop
D:2:      layout_rooms, chequers_ecumenical_altar_island, minmay_lizard_pond
D:3:      layout_loops_ring, minmay_circle_x, uniq_grinder, uniq_pargi

Skill      XL: |  1  2  3 |
---------------+----------+-----
Spellcasting   | 5 |  5.0
Invocations    | 1 |  1.0
Short Blades   | 1 |  1.0
Long Blades    | 1 |  1.0
Axes           | 1 |  1.0
Maces & Flails | 1 |  1.0
Staves         | 1 |  1.0
Slings         | 1 |  1.0
Bows           | 1 |  1.0
Crossbows      | 1 |  1.0
Stealth        | 1 |  1.0
Shields        | 1 |  1.0
Unarmed Combat | 1 |  1.0
Evocations     | 1 |  1.0
Fighting       | |  4.6
Polearms       | |  4.6
Throwing       | |  2.6
Armour         | |  2.6
Dodging        | |  4.6
Conjurations   | |  0.7
Hexes          | |  0.7
Summonings     | |  0.7
Necromancy     | |  0.7
Translocations | |  5.4
Transmutations | |  0.7
Fire Magic     | |  0.7
Ice Magic      | |  0.7
Air Magic      | |  0.7
Earth Magic    | |  0.7
Poison Magic   | |  0.7

Action                   || total
-------------------------++-------
Melee: Spear             ||   159
       Punch             ||     2
       Bite              ||     8
Throw: Boomerang         ||     5
       Stone             ||     3
Armor: Leather armour    ||    42
Dodge: Dodged            ||    67
